 Dungeon Crawl Stone Soup version 0.20.1-1-g8b1a95d (webtiles) character file.

122544 Gremour the Tortoise (level 16, -3/149 HPs)
             Began as a Minotaur Monk on Dec 23, 2017.
             Was the Champion of the Shining One.
             Shot with an arrow by a satyr (32 damage)
             ... on level 4 of the Shoals on Dec 24, 2017.
             The game lasted 03:05:07 (27017 turns).

Gremour the Tortoise (Minotaur Monk)               Turns: 27017, Time: 03:05:08

Health: -3/149     AC: 38    Str: 19    XL:     16   Next: 34%
Magic:  23/23      EV: 13    Int:  8    God:    the Shining One [******]
Gold:   2248       SH: 14    Dex: 19    Spells: 15/15 levels left

rFire    + . .     SeeInvis +   a - +1 long sword (elec)
rCold    . . .     Gourm    .   c - +0 shield
rNeg     + + +     Faith    +   F - +9 plate armour of Entitlement {MR+ Regen+ Dex+3 SInv}
rPois    +         Spirit   .   (helmet restricted)
rElec    .         Reflect  .   x - +2 cloak {rPois}
rCorr    .         Harm     .   H - +2 pair of gloves
MR       +++++                  o - +0 pair of boots
Stlth    ..........             V - amulet of faith
Regen    0.8/turn               y - ring of protection from magic
MPRegen  0.2/turn               A - ring of protection from fire

@: about to teleport, glowing, very slow
A: retaliatory headbutt, horns 2, talons 1, yellow scales 1, high mp 1, magic
resistance 2, wild magic 1
a: Divine Shield, Cleansing Flame, Summon Divine Warrior, Brand Weapon With Holy
Wrath, Renounce Religion


You were on level 4 of the Shoals.
You worshipped the Shining One.
The Shining One was exalted by your worship.
You were not hungry.

You visited 5 branches of the dungeon, and saw 28 of its levels.
You also visited: Labyrinth.

You collected 2248 gold pieces.

Inventory:

Hand Weapons
 a - a +1 long sword of electrocution (weapon)
 w - the +7 flail "Nugakhlyi" {protect, MR+}
   (You found it on level 6 of the Lair of Beasts)

   It protects the one who uses it against injury (+AC on strike).
   It affects your resistance to hostile enchantments.
 R - a +1 scimitar
Missiles
 k - 56 tomahawks (quivered)
Armour
 c - a +0 shield (worn)
 h - a +1 scale mail of cold resistance
 o - a +0 pair of boots (worn)
 x - a +2 cloak of poison resistance (worn)
 B - a scarf of resistance
 F - the +9 plate armour of Entitlement (worn) {MR+ Regen+ Dex+3 SInv}
   (You found it on level 10 of the Dungeon)

   It affects your dexterity (+3).
   It affects your resistance to hostile enchantments.
   It lets you see invisible.
   It increases your rate of regeneration.
 H - a +2 pair of gloves (worn)
Jewellery
 f - an uncursed ring of see invisible
 j - a +3 ring of protection
 l - an uncursed ring of flight
 y - a ring of protection from magic (left hand)
 A - a ring of protection from fire (right hand)
 Q - an uncursed ring of ice
 V - an amulet of faith (around neck)
Wands
 D - a wand of digging (6/24)
 E - a wand of polymorph (6/24)
 N - a wand of acid (0/15)
 O - a wand of scattershot (3/9)
 P - a wand of disintegration (11/24)
 T - a wand of iceblast (7/15)
 X - a wand of flame (16/48)
Scrolls
 e - 2 scrolls of recharging
 i - 10 scrolls of identify
 m - 9 scrolls of remove curse
 q - 2 scrolls of immolation
 r - a scroll of fog {unknown}
 s - a scroll of silence {unknown}
 t - 6 scrolls of teleportation
 G - 3 scrolls of fear
 J - a scroll of enchant armour
Potions
 g - 6 potions of brilliance
 v - 2 potions of agility
 z - 3 potions of curing
 I - a potion of magic
 K - a potion of resistance
 M - a potion of flight
 S - 4 potions of mutation
 U - 2 potions of haste
 Z - a potion of might
Miscellaneous
 b - a fan of gales
 L - a phial of floods (inert)
 Y - a phantom mirror
Comestibles
 d - 10 meat rations
 n - 8 royal jellies
 p - 11 chunks of flesh
 u - 35 fruits
 C - 6 bread rations


   Skills:
 * Level 15.4 Fighting
 + Level 14.5 Long Blades
 * Level 17.6 Armour
 + Level 10.3 Dodging
 - Level 1.5 Stealth
 + Level 15.1 Shields
 * Level 8.6 Invocations
 + Level 3.5 Evocations


You had 15 spell levels left.
You didn't know any spells.

Dungeon Overview and Level Annotations

Branches:
Dungeon (15/15)            Temple (1/1) D:4            Lair (6/6) D:9
 Shoals (4/4) Lair:2        Snake (0/4) Lair:2        Slime (0/5) Lair:6
    Orc (2/2) D:9             Elf (0/3) Orc:2        Vaults (0/5) D:14
 Depths (0/5) D:15

Altars:
Ashenzari
Cheibriados
Dithmenos
Elyvilon
Fedhas
Gozag
Hepliaklqana
Kikubaaqudgha
Makhleb
Nemelex Xobeh
Okawaru
Qazlal
Ru
Sif Muna
Trog
Uskayaw
Vehumet
Xom
Yredelemnul
Zin
The Shining One
Beogh
Jiyva

Shops:
D:8 (   Orc:1 (   Orc:2 %*(:   Shoals:2 ?   Shoals:3 *

Portals:
Trove: D:12 (give +4 ice dragon scales)

Annotations:
Lair:6 rod (behind trees)


Innate Abilities, Weirdness & Mutations

You reflexively headbutt those who attack you in melee.
You have a pair of horns on your head.
You have sharp toenails.
You are partially covered in yellow scales. (AC +2)
You have an increased reservoir of magic. (+10% MP)
You are highly resistant to hostile enchantments. (MR++)
Your spells are a little harder to cast, but a little more powerful.


Message History

The arrow freezes you.
* * * LOW HITPOINT WARNING * * *
The merfolk hits the plant but does no damage.
The merfolk completely misses the plant.
The water nymph touches you. The water nymph drowns you!
* * * LOW HITPOINT WARNING * * *
The merfolk impaler hits you from afar with a trident of distortion!
* * * LOW HITPOINT WARNING * * *
Space bends around you.
* * * LOW HITPOINT WARNING * * *
Okay, then.
You feel much better. You block the merfolk's attack.
The merfolk impaler hits you but does no damage.
You blink.
Splash!
The merfolk hits the plant with a spear!
The satyr shoots an arrow.
The arrow hits you but does no damage.
As you read the scroll of teleportation, it crumbles to dust.
You feel strangely unstable.
The satyr shoots an arrow.
The arrow hits you!!
You die...

####≈..≈≈≈≈≈..≈≈≈
..P≈≈≈.≈≈≈≈≈..≈≈≈
....≈≈≈P≈≈(≈.#
....≈≈cm≈§≈.#
....≈c≈≈≈m≈≈#
..≈≈≈≈≈mmm≈≈#
..≈≈≈≈≈≈≈≈≈≈#
#.≈≈..≈≈≈≈≈.##
#.P...c.≈..@≈#
#....#...%≈..(...≈≈
#....#.......###...
####...#. ≈ #..##..
... ... ≈... ..≈
≈≈... ≈≈≈≈


You could see a merfolk impaler, a satyr, 3 merfolk, 2 fauns and a water nymph.

Vanquished Creatures
  The ghost of raph the Fencer, an adept MiMo of Ashenzari (Shoals:2)
  5 dire elephants (Lair:6)
  A minotaur (Lab)
  A merfolk impaler (Shoals:3)
  3 ogre magi
  Josephine (Lair:6)
  Fannar (Lair:3)
  The ghost of letownia2 the Reanimator, a journeyman DDNe of Gozag (D:11)
  A rakshasa (D:15)
  5 hydras
  An anaconda (Lair:6)
  A vault guard (D:14)
  An alligator snapping turtle (Shoals:3)
  The ghost of kalagan the Covert, a journeyman GrEE of Hepliaklqana (Lair:1)
  3 merfolk avatars
  2 centaur warriors
  A merfolk aquamancer (Shoals:2)
  13 two-headed ogres
  2 tengu warriors (D:15)
  3 death yaks (Lair:6)
  3 skeletal warriors (D:13)
  Nergalle (D:12)
  A fire crab (Lair:3)
  5 sea snakes
  2 wizards (D:14)
  2 unseen horrors
  A glowing orange brain (D:15)
  12 harpies
  5 oklob plants
  8 ugly things
  2 orc knights
  A necromancer (D:14)
  A deep elf mage (D:13)
  3 cyclopes
  10 manticores
  An elephant (shapeshifter) (D:15)
  9 orc sorcerers (Orc:2)
  6 fauns
  A guardian serpent (Lair:2)
  3 merfolk sirens
  A black mamba (Lair:4)
  4 elephants (Lair:6)
  3 water nymphs
  2 gargoyles
  7 spiny frogs
  A kobold demonologist (D:13)
  4 rime drakes
  A yaktaur (D:14)
  7 komodo dragons
  A freezing wraith (D:14)
  2 tengu conjurers (D:15)
  A queen bee (shapeshifter) (D:15)
  5 trolls
  10 merfolk
  3 polar bears
  A wind drake (Shoals:3)
  A wolf spider simulacrum (D:14)
  3 meliai (D:14)
  5 snapping turtles
  10 blink frogs
  15 dream sheep
  8 hippogriffs
  A meliai zombie (D:12)
  11 slime creatures
  2 vampires
  2 redbacks (Lab)
  Eustachio (D:4)
  A water elemental (Shoals:2)
  41 yaks
  2 shadows
  6 wyverns
  7 wraiths
  20 humans (D:14)
  A golden eye (shapeshifter) (D:15)
  8 basilisks
  A steam dragon (D:8)
  A hungry ghost (D:12)
  8 wargs
  Edmund (D:6)
  An acid dragon (D:15)
  11 water moccasins
  A floating eye (shapeshifter) (D:15)
  7 porcupines
  20 orc warriors
  A black bear (D:7)
  A phantom (D:7)
  2 ice beasts
  A black bear (shapeshifter) (D:14)
  2 eyes of draining
  2 necrophages
  9 sky beasts
  16 centaurs
  17 wolves
  13 ogres
  10 crocodiles
  Blork the orc (D:4)
  3 big kobolds
  A gnoll sergeant (D:5)
  13 bullfrogs
  7 scorpions
  A wyvern skeleton (D:14)
  5 killer bees (D:8)
  5 wights
  4 howler monkeys
  4 electric eels (Lair:2)
  7 crimson imps
  5 bullfrog zombies
  4 hounds
  16 orc priests
  5 jellies
  45 orc wizards
  3 bullfrog skeletons
  5 centaur skeletons
  2 iguanas
  6 worker ants
  A hound skeleton (D:8)
  A mummy (D:6)
  7 gnolls
  A river rat (D:6)
  12 adders
  A howler monkey skeleton (D:4)
  5 shadow imps
  An adder zombie (D:9)
  An adder skeleton (D:4)
  5 worms
  10 leopard geckos
  105 orcs
  5 ball pythons
  10 bats
  5 giant cockroaches
  8 goblins
  2 hobgoblins (D:3)
  2 jackals (D:3)
  17 kobolds
  4 quokkas
  3 frilled lizards
  A leopard gecko zombie (D:7)
  7 rats
  2 fungi (Lair:6)
  7 plants
813 creatures vanquished.

Vanquished Creatures (collateral kills)
  The ghost of xight the Blocker, a journeyman MiFi of Okawaru (Lair:6)
  A merfolk impaler (Shoals:2)
  The ghost of funkygono the Cleaver, a novice HOFi of Beogh (D:8)
  2 manticores
  2 blink frogs (Lair:6)
  A merfolk (Shoals:3)
  A slime creature (D:15)
  2 water elementals (Shoals:2)
  A water moccasin (Lair:6)
12 creatures vanquished.

Vanquished Creatures (others)
  14 fungi (Lair:6)
  4 plants
18 creatures vanquished.

Grand Total: 843 creatures vanquished

Notes
Turn   | Place    | Note
-------+----------+-------------------------------------------
     0 | D:1      | Gremour the Minotaur Monk began the quest for the Orb.
     0 | D:1      | Reached XP level 1. HP: 19/19 MP: 0/0
   230 | D:1      | Reached XP level 2. HP: 26/26 MP: 1/1
   512 | D:2      | Found an opulent altar of Gozag.
   845 | D:2      | Reached skill level 5 in Long Blades
   858 | D:2      | Reached XP level 3. HP: 31/31 MP: 2/2
  1401 | D:3      | Reached XP level 4. HP: 39/39 MP: 3/3
  2419 | D:4      | Reached XP level 5. HP: 45/45 MP: 4/4
  2486 | D:4      | Found a hide-covered altar of Uskayaw.
  2487 | D:4      | Noticed a dagger
  2489 | D:4      | Noticed a hand axe
  2490 | D:4      | Noticed Blork the orc
  2507 | D:4      | Killed Blork the orc
  2507 | D:4      | Reached XP level 6. HP: 38/51 MP: 5/5
  2530 | D:5      | Entered Level 5 of the Dungeon
  2770 | D:5      | Noticed a sky beast
  2799 | D:5      | Killed a sky beast
  2820 | D:4      | Found a sparkling altar of Nemelex Xobeh.
  2820 | D:4      | Found a deep blue altar of Sif Muna.
  2895 | D:4      | Noticed Eustachio
  2926 | D:4      | Killed Eustachio
  2926 | D:4      | Reached XP level 7. HP: 52/57 MP: 6/6
  3070 | D:4      | Reached skill level 1 in Armour
  3109 | D:4      | Found a staircase to the Ecumenical Temple.
  3132 | Temple   | Entered the Ecumenical Temple
  3569 | D:5      | Reached skill level 10 in Long Blades
  3569 | D:5      | Reached skill level 2 in Armour
  3843 | D:5      | Reached skill level 3 in Armour
  3930 | D:5      | Found a glowing golden altar of the Shining One.
  3933 | D:5      | Became a worshipper of the Shining One
  3933 | D:5      | Reached * piety under the Shining One
  3933 | D:5      | Reached ** piety under the Shining One
  4402 | D:6      | Reached skill level 4 in Armour
  4402 | D:6      | Reached XP level 8. HP: 67/67 MP: 7/7
  4420 | D:6      | Noticed Edmund
  4439 | D:6      | Killed Edmund
  4444 | D:6      | Reached skill level 5 in Fighting
  4496 | D:6      | Found a hazy altar of Hepliaklqana.
  4503 | D:6      | Found a white marble altar of Elyvilon.
  4506 | D:6      | Found a stormy altar of Qazlal.
  4596 | D:6      | Reached skill level 5 in Armour
  4780 | D:6      | Found a snail-covered altar of Cheibriados.
  5258 | D:6      | Found a sacrificial altar of Ru.
  5634 | D:7      | Reached skill level 6 in Armour
  6162 | D:7      | Reached skill level 7 in Armour
  6174 | D:7      | Reached XP level 9. HP: 64/78 MP: 8/8
  6368 | D:7      | Noticed an orc knight
  6393 | D:7      | Killed an orc knight
  6393 | D:7      | Reached skill level 8 in Armour
  6674 | D:7      | Noticed a manticore
  6685 | D:7      | Reached skill level 9 in Armour
  6694 | D:7      | Killed a manticore
  6694 | D:7      | Reached skill level 1 in Invocations
  6720 | D:7      | Got a sapphire dire flail
  6724 | D:7      | Identified the +1 dire flail of Pride {holy, rPois Stlth+} (You found it on level 7 of the Dungeon)
  6924 | D:7      | Gained mutation: You are somewhat resistant to further mutation. [mutagenic meat]
  6938 | D:7      | Reached *** piety under the Shining One
  7294 | D:7      | Reached skill level 10 in Armour
  7294 | D:7      | Reached XP level 10. HP: 79/88 MP: 9/9
  7388 | D:8      | Found a shimmering altar of Xom.
  7426 | D:8      | Noticed funkygono's ghost (novice HOFi)
  7441 | D:8      | Killed funkygono's ghost
  7504 | D:8      | Found a snail-covered altar of Cheibriados.
  8085 | D:8      | Found Wudwust's Antique Weapon Boutique.
  8234 | D:9      | Gained mutation: You are frail. (-10% HP) [mutagenic meat]
  8236 | D:9      | Gained mutation: Your mind is acute. (Int +2) [mutagenic meat]
  8322 | D:9      | Noticed a two-headed ogre
  8325 | D:9      | Lost mutation: You are frail. (-10% HP) [potion of mutation]
  8325 | D:9      | Lost mutation: Your mind is acute. (Int +2) [potion of mutation]
  8325 | D:9      | Gained mutation: You are covered in fur. (AC +1) [potion of mutation]
  8325 | D:9      | Gained mutation: Your flesh is cold resistant. (rC+) [potion of mutation]
  8332 | D:9      | Killed a two-headed ogre
  8442 | D:9      | Found a shimmering altar of Xom.
  8649 | D:9      | Reached skill level 10 in Fighting
  8713 | D:9      | Reached skill level 5 in Dodging
  8750 | D:9      | Found a staircase to the Orcish Mines.
  8807 | D:9      | Reached **** piety under the Shining One
  8834 | D:9      | Gained mutation: Your spells are a little easier to cast, but a little less powerful. [mutagenic meat]
  8842 | D:9      | Found a staircase to the Lair.
  8876 | D:9      | Found a glowing silver altar of Zin.
  8970 | D:10     | Entered Level 10 of the Dungeon
  9121 | D:10     | Noticed a gargoyle
  9132 | D:10     | Killed a gargoyle
  9132 | D:10     | Reached XP level 11. HP: 91/101 MP: 11/11
  9195 | D:10     | Got a translucent plate armour
  9209 | D:10     | Identified the +9 plate armour of Entitlement {MR+ Regen+ Dex+3 SInv} (You found it on level 10 of the Dungeon)
 10092 | D:11     | Noticed an unseen horror
 10117 | D:11     | Killed an unseen horror
 10229 | D:11     | Gained mutation: You are dopey. (Int -2) [mutagenic meat]
 10230 | D:11     | Lost mutation: You are dopey. (Int -2) [potion of mutation]
 10230 | D:11     | Lost mutation: Your spells are a little easier to cast, but a little less powerful. [potion of mutation]
 10230 | D:11     | Lost mutation: Your flesh is cold resistant. (rC+) [potion of mutation]
 10230 | D:11     | Lost mutation: You are somewhat resistant to further mutation. [potion of mutation]
 10230 | D:11     | Gained mutation: Your mind is acute. (Int +2) [potion of mutation]
 10230 | D:11     | Gained mutation: You passively map a small area around you. [potion of mutation]
 10231 | D:11     | Lost mutation: You passively map a small area around you. [potion of mutation]
 10231 | D:11     | Lost mutation: Your mind is acute. (Int +2) [potion of mutation]
 10231 | D:11     | Lost mutation: You are covered in fur. (AC +1) [potion of mutation]
 10231 | D:11     | Gained mutation: You are resistant to hostile enchantments. (MR+) [potion of mutation]
 10231 | D:11     | Gained mutation: You are highly resistant to hostile enchantments. (MR++) [potion of mutation]
 10231 | D:11     | Gained mutation: You have an increased reservoir of magic. (+10% MP) [potion of mutation]
 10385 | D:11     | Found a blossoming altar of Fedhas.
 10467 | D:11     | Noticed letownia2's ghost (journeyman DDNe)
 10486 | D:11     | Killed letownia2's ghost
 10547 | D:11     | Got a dazzling helmet
 10548 | D:11     | Identified the +2 helmet of the Louse {rN+} (You found it on level 11 of the Dungeon)
 10586 | D:11     | Gained mutation: You have a somewhat thin skeletal structure. (Dex +2, Stealth) [mutagenic meat]
 10587 | D:11     | Gained mutation: You have sharp toenails. [mutagenic meat]
 10588 | D:11     | Gained mutation: Your spells are a little harder to cast, but a little more powerful. [mutagenic meat]
 10590 | D:11     | Gained mutation: You are partially covered in yellow scales. (AC +2) [mutagenic meat]
 10591 | D:11     | Lost mutation: You have a somewhat thin skeletal structure. (Dex +2, Stealth) [mutagenic meat]
 10867 | D:12     | Reached skill level 11 in Armour
 10997 | D:12     | Noticed a seven-headed hydra
 11007 | D:12     | Killed a seven-headed hydra
 11100 | D:12     | Found a portal to a secret trove of treasure.
 11302 | D:12     | Reached skill level 1 in Shields
 11405 | D:12     | Reached skill level 12 in Armour
 11437 | D:12     | Noticed Nergalle
 11446 | D:12     | Noticed a spectral orc warlord
 11450 | D:12     | Killed Nergalle
 11671 | D:13     | Noticed a two-headed ogre
 11683 | D:13     | Killed a two-headed ogre
 11720 | D:13     | Found a shimmering altar of Xom.
 11762 | D:13     | Noticed a deep elf mage
 11768 | D:13     | Killed a deep elf mage
 11784 | D:13     | Noticed a skeletal warrior
 11786 | D:13     | Noticed a skeletal warrior
 11804 | D:13     | Killed a skeletal warrior
 11811 | D:13     | Killed a skeletal warrior
 11811 | D:13     | Reached skill level 13 in Armour
 11811 | D:13     | Reached XP level 12. HP: 104/107 MP: 15/15
 11819 | D:13     | Noticed a five-headed hydra
 11839 | D:13     | Killed a five-headed hydra
 11916 | D:13     | Reached skill level 5 in Shields
 12089 | D:13     | Reached ***** piety under the Shining One
 12743 | D:14     | Reached skill level 14 in Armour
 12765 | D:14     | Found a gate to the Vaults.
 12765 | D:14     | Noticed a vault guard
 12785 | D:14     | Killed a vault guard
 12785 | D:14     | Reached skill level 5 in Invocations
 13289 | D:14     | Reached XP level 13. HP: 93/114 MP: 17/17
 13298 | D:14     | Reached skill level 10 in Shields
 13617 | D:14     | Reached skill level 15 in Armour
 13935 | D:15     | Entered Level 15 of the Dungeon
 14393 | D:15     | Reached ****** piety under the Shining One
 14961 | D:15     | The Shining One protects you from harm!
 15003 | D:15     | Reached XP level 14. HP: 82/126 MP: 19/19
 15492 | D:15     | Paralysed by a floating eye for 3 turns
 15516 | D:15     | Found a staircase to the Depths.
 15841 | Orc:1    | Entered Level 1 of the Orcish Mines
 15994 | Orc:2    | Entered Level 2 of the Orcish Mines
 16140 | Orc:2    | Found a staircase to the Elven Halls.
 16275 | Orc:2    | Found a labyrinth entrance.
 16298 | Lab      | Entered a labyrinth
 17577 | Lab      | Reached skill level 1 in Evocations
 17580 | Lab      | Got a transparent long sword {vamp}
 17604 | Lab      | Identified the +10 long sword of Jituituesk {vamp, rPois MR- Dex+3} (You took it off a minotaur in a labyrinth)
 17614 | Lab      | Got a translucent shortbow
 17614 | Lab      | Got a sheer robe
 17633 | Orc:2    | Identified the +1 robe of Roiwyloc {Str+2} (You found it in a labyrinth)
 17649 | Orc:2    | Identified the +8 shortbow of Objectivity {speed, rF+++ MP+9 Str-3} (You found it in a labyrinth)
 17812 | Orc:2    | Reached skill level 16 in Armour
 17911 | Orc:2    | Found a roughly hewn altar of Beogh.
 18016 | Orc:2    | Found Foun's Book Boutique.
 18016 | Orc:2    | Found Tobir's Weapon Shoppe.
 18237 | Orc:2    | Found Dogoahux's Food Shoppe.
 18275 | Orc:2    | Found Onahuelu's Assorted Antiques.
 18526 | Orc:1    | Found Fos Icke's Weapon Shoppe.
 18950 | Lair:1   | Entered Level 1 of the Lair of Beasts
 19107 | Lair:1   | Noticed kalagan's ghost (journeyman GrEE)
 19133 | Lair:1   | Killed kalagan's ghost
 20296 | Lair:2   | Found a staircase to the Snake Pit.
 20676 | Lair:2   | Found a staircase to the Shoals.
 20978 | Lair:3   | Reached XP level 15. HP: 134/134 MP: 21/21
 21444 | Lair:3   | Noticed Fannar
 21457 | Lair:3   | Killed Fannar
 21457 | Lair:3   | Reached skill level 10 in Dodging
 23310 | Lair:6   | Entered Level 6 of the Lair of Beasts
 23516 | Lair:6   | Found a viscous altar of Jiyva.
 23517 | Lair:6   | Found a staircase to the Slime Pits.
 23673 | Lair:6   | Noticed xight's ghost (journeyman MiFi)
 23694 | Lair:6   | Killed xight's ghost
 23914 | Lair:6   | Got a brightly glowing hand axe
 23915 | Lair:6   | Identified the +7 hand axe "Oraqoiky" {venom, Str+4} (You found it on level 6 of the Lair of Beasts)
 24211 | Lair:6   | Reached skill level 17 in Armour
 24400 | Lair:6   | Got a crude flail
 24401 | Lair:6   | Identified the +7 flail "Nugakhlyi" {protect, MR+} (You found it on level 6 of the Lair of Beasts)
 24488 | Lair:6   | Noticed Josephine
 24501 | Lair:6   | Killed Josephine
 24671 | Shoals:1 | Entered Level 1 of the Shoals
 25592 | Shoals:2 | Reached skill level 15 in Fighting
 25633 | Shoals:2 | Reached XP level 16. HP: 32/149 MP: 13/23
 26060 | Shoals:2 | Noticed raph's ghost (adept MiMo)
 26142 | Shoals:2 | Killed raph's ghost
 26160 | Shoals:2 | Found Dyvyfuneidgh's Magic Scroll Emporium.
 26470 | Shoals:3 | Reached skill level 15 in Shields
 26862 | Shoals:3 | Found Pouptyh's Island Escapes.
 27006 | Shoals:4 | Entered Level 4 of the Shoals
 27015 | Shoals:4 | HP: 6/149 [merfolk impaler/trident of distortion (13)]
 27017 | Shoals:4 | Shot with an arrow by a satyr

Skill      XL: |  1  2  3  4  5  6  7  8  9 10 11 12 13 14 15 16 |
---------------+-------------------------------------------------+-----
Long Blades    | 4 5 7 8 9 10 11 12 13 14 | 14.5
Armour         | 4 7 10 13 14 15 16 17 | 17.6
Fighting       | 4 6 8 10 12 15 | 15.4
Invocations    | 1 4 5 6 7 8 |  8.6
Dodging        | 5 9 10 | 10.3
Shields        | 4 9 12 14 15 | 15.1
Evocations     | 2 3 |  3.5
Stealth        | |  1.5

Action                   |  1- 3 |  4- 6 |  7- 9 | 10-12 | 13-15 | 16-18 || total
-------------------------+-------+-------+-------+-------+-------+-------++-------
Melee: Falchion          |    58 |   109 |   180 |       |       |       ||   347
       Headbutt          |    12 |    21 |    61 |   185 |   513 |    71 ||   863
       Long sword        |       |       |   120 |   721 |  1680 |   287 ||  2808
       Flail             |       |       |       |    17 |       |       ||    17
       Dagger            |       |       |       |       |    39 |       ||    39
Throw: Tomahawk          |     3 |       |    11 |    26 |    12 |       ||    52
Invok: Divine Shield     |       |       |     2 |     3 |    10 |     1 ||    16
       Summon Divine War |       |       |       |       |     2 |       ||     2
       Cleansing Flame   |       |       |       |       |     1 |       ||     1
 Abil: Evoke Flight      |       |       |       |       |     1 |     1 ||     2
Evoke: Wand              |       |       |     3 |       |    11 |     2 ||    16
       Sack of spiders   |       |       |       |     1 |     4 |       ||     5
       Phial of floods   |       |       |       |       |     2 |     1 ||     3
  Use: Scroll            |       |     3 |     9 |     8 |    18 |     2 ||    40
       Potion            |       |     1 |     4 |    10 |     9 |     2 ||    26
 Stab: Sleeping          |     4 |     1 |       |       |       |       ||     5
  Eat: Chunk             |     1 |     5 |    13 |    31 |    28 |     6 ||    84
       Royal jelly       |       |       |     1 |     1 |       |       ||     2
       Fruit             |       |       |       |     3 |     1 |       ||     4
       Bread ration      |       |       |       |     2 |     3 |       ||     5
Armor: Robe              |    11 |       |       |       |       |       ||    11
       Leather armour    |     5 |     6 |       |       |       |       ||    11
       Ring mail         |       |    42 |    13 |       |       |       ||    55
       Scale mail        |       |       |    39 |       |       |       ||    39
       Chain mail        |       |       |    52 |    99 |       |       ||   151
       Plate armour      |       |       |       |   332 |   757 |   162 ||  1251
       Fire dragon scale |       |       |       |       |     1 |       ||     1
Dodge: Dodged            |    43 |    69 |    89 |   183 |   496 |   115 ||   995
Block: Other             |       |       |     5 |    13 |       |       ||    18
       Shield            |       |       |       |   146 |  1121 |   206 ||  1473
       Rpst.: Falchion   |    12 |    18 |    20 |       |       |       ||    50
       Long sword        |       |       |    10 |    51 |   114 |    19 ||   194
